 Dungeon Crawl Stone Soup version 0.28.0-49-g6dfe1f597d (webtiles) character file.

Game seed: 7300901379060231803

9811 CryoSword the Fighter (level 11, 0/99 HPs)
             Began as a Ghoul Cinder Acolyte on May 14, 2022.
             Was an Initiate of Ignis.
             Killed by dispel undead
             ... invoked by Josephine
              (23 damage)
             ... on level 10 of the Dungeon.
             The game lasted 00:22:04 (13977 turns).

CryoSword the Fighter (Ghoul Cinder Acolyte)       Turns: 13977, Time: 00:22:05

Health: 0/99       AC: 17    Str: 19    XL:     11   Next: 52%
Magic:  11/11      EV: 10    Int: 11    God:    Ignis [......]
Gold:   444        SH:  0    Dex: 12    Spells: 12/12 levels left

rFire   + . .      SeeInvis .   w - +4 quarterstaff (flame)
rCold   + . .      Faith    .   (shield currently unavailable)
rNeg    + + +      Spirit   .   I - +4 chain mail
rPois   ∞          Reflect  .   r - +0 hat {Will+}
rElec   .          Harm     .   q - +0 cloak
rCorr   .          Rampage  .   s - +0 pair of gloves
Will    ++...                   (no boots)
Stlth   ..........              F - amulet of regeneration
HPRegen 0.00/turn               K - ring of willpower
MPRegen 0.12/turn               H - +6 ring of dexterity

@: inhibited regen
A: claws 1, cold resistance 1, negative energy resistance 3, inhibited
regeneration, torment resistance 2
a: Renounce Religion


You were on level 10 of the Dungeon.
You worshipped Ignis.
Ignis was noncommittal.
You visited 1 branch of the dungeon, and saw 10 of its levels.

You collected 576 gold pieces.
You spent 132 gold pieces at shops.

Inventory:

Hand Weapons
 w - a +4 quarterstaff of flaming (weapon)
   (You took it off Crazy Yiuf on level 4 of the Dungeon)
Missiles
 k - 11 poisoned darts
 D - a curare-tipped dart
 J - 2 throwing nets (quivered)
Armour
 q - a +0 cloak (worn)
   (You took it off Crazy Yiuf on level 4 of the Dungeon)
 r - a +0 hat of willpower (worn)
   (You took it off Gastronok on level 8 of the Dungeon)
 s - a +0 pair of gloves (worn)
   (You found it on level 5 of the Dungeon)
 I - a +4 chain mail (worn)
   (You found it on level 9 of the Dungeon)
Jewellery
 o - an amulet of magic regeneration
   (You bought it in a shop on level 2 of the Dungeon)
 t - a ring of protection from fire
   (You found it on level 5 of the Dungeon)
 B - a ring of protection from fire
   (You found it on level 5 of the Dungeon)
 F - an amulet of regeneration (around neck)
   (You found it on level 9 of the Dungeon)
 H - a +6 ring of dexterity (right hand)
   (You found it on level 9 of the Dungeon)
 K - a ring of willpower (left hand)
   (You found it on level 10 of the Dungeon)
Wands
 g - a wand of flame (24)
   (You found it on level 2 of the Dungeon)
 i - a wand of iceblast (16)
   (You found it on level 3 of the Dungeon)
 x - a wand of mindburst (26)
   (You found it on level 6 of the Dungeon)
 z - a wand of charming (6)
   (You took it off Erolcha on level 9 of the Dungeon)
Scrolls
 d - 5 scrolls of blinking
 e - 2 scrolls of teleportation {unknown}
 f - 4 scrolls of identify {@r1}
 j - 2 scrolls of silence {unknown}
 l - a scroll of noise {unknown}
 m - a scroll of fear {unknown}
 n - 3 scrolls of fog
 p - a scroll of enchant weapon {unknown}
 y - a scroll of immolation {unknown}
 C - a scroll of holy word {unknown}
 E - a scroll of torment {unknown}
 G - a scroll of amnesia {unknown}
Potions
 a - 6 potions of curing {@q1}
 h - 2 potions of magic
 u - a potion of degeneration {unknown}
 v - 3 potions of attraction {!q}
 A - a potion of lignification {unknown}
 L - a potion of haste {unknown}


   Skills:
 - Level 9.7 Fighting
 - Level 3.2(6.1) Maces & Flails
 + Level 8.2(8.5) Staves
 - Level 7.4 Armour
 - Level 7.4 Dodging
 - Level 4.9 Stealth
 - Level 3.2 Unarmed Combat
 - Level 1.0 Spellcasting
 - Level 2.4 Fire Magic


You had 12 spell levels left.
You didn't know any spells.
Your spell library contained the following spells:

 Spells                   Type           Power      Damage    Failure   Level
 Scorch                   Fire           10%        2d5       86%         2
 Apportation              Tloc           0%         N/A       96%         1
 Shock                    Conj/Air       0%         1d3       96%         1
 Sting                    Tmut/Pois      0%         1d3       96%         1
 Ensorcelled Hibernation  Hex/Ice        0%         N/A       99%         2
 Passwall                 Tmut/Erth      0%         N/A       99%         2
 Poisonous Vapours        Pois/Air       0%         N/A       99%         2
 Swiftness                Air            0%         N/A       100%        3
 Airstrike                Air            0%         N/A       100%        4
 Olgreb's Toxic Radiance  Pois           0%         N/A       100%        4
 Alistair's Intoxication  Tmut/Pois      0%         N/A       100%        5


Dungeon Overview and Level Annotations

Branches:
Dungeon (10/15)            Temple (0/1) D:5
   Lair: D:8-11         Orc: D:9-12

Altars:
Cheibriados
Dithmenos
Fedhas
Kikubaaqudgha
Makhleb
Nemelex Xobeh
Vehumet
Xom
Zin

Shops:
D:2 *

Annotations:
D:10 Josephine


Innate Abilities, Weirdness & Mutations

You thrive by killing the living.
You are immune to poison.
You have sharp fingernails.
Your flesh is cold resistant. (rC+)
You are immune to negative energy. (rN+++)
You do not regenerate when monsters are visible.
You are immune to unholy pain and torment.


Message History

A two-headed ogre is nearby!
You sock the two-headed ogre! You burn the two-headed ogre.
The two-headed ogre hits you but does no damage.
The two-headed ogre hits you with a +0 giant club!
You barely miss the two-headed ogre.
The two-headed ogre hits you with a +0 giant club!!
The two-headed ogre closely misses you.
You are too injured to fight recklessly!
Okay, then.
Throw: 2 throwing nets
Aim: a two-headed ogre, wielding two +0 giant clubs (lightly wounded, 76% to hit)
You throw a throwing net.
The throwing net hits the two-headed ogre.
The two-headed ogre is caught in the net!
The two-headed ogre struggles against the net.
The two-headed ogre struggles against the net.
You hit the two-headed ogre. You burn the two-headed ogre.
The two-headed ogre struggles against the net.
You bludgeon the two-headed ogre!! You burn the two-headed ogre.
The two-headed ogre struggles against the net.
You sock the two-headed ogre! You burn the two-headed ogre.
You kill the two-headed ogre!
You feel better.
Your Staves skill increases to level 8!
J - 2 throwing nets (gained 1)
Things that are here:
a +0 giant club; a +0 giant club You start resting.
Things that are here:
a +0 giant club; a +0 giant club
There is an open door here.
An orc wizard comes into view. It is wielding a +0 dagger.
The orc wizard shouts!
The orc wizard jeers loudly.
An orc wizard is nearby!
An orc wizard is nearby!
An orc wizard is nearby!
The orc wizard closely misses you.
You closely miss the orc wizard. The orc wizard barely misses you.
You hit the orc wizard. You burn the orc wizard.
The orc wizard hits you but does no damage.
You barely miss the orc wizard.
The orc wizard hits you but does no damage.
You hit the orc wizard. You burn the orc wizard. You thump the orc wizard!
You burn the orc wizard.
You kill the orc wizard!
No target in view!
No target in view!
You now have 444 gold pieces (gained 15).
Things that are here:
a +0 dagger; a +0 robe
There is an open door here.
A wight comes into view. It is wielding a +2 dire flail.
A wight is nearby!
A wight is nearby!
A wight is nearby!
Found a book of Air.
Things that are here:
a +0 dagger; a +0 robe You thump the wight!
You burn the wight. The wight barely misses you.
You closely miss the wight. You completely miss the wight.
The wight completely misses you.
You closely miss the wight. The wight barely misses you.
You sock the wight! You burn the wight.
You destroy the wight!
Things that are here:
a +2 dire flail; a +0 robe
Things that are here:
a +0 dagger; a +0 robe You open the door.
There is an open door here.
You open the door.
Found a radiant altar of Vehumet.
Found a sparkling altar of Nemelex Xobeh.
There is an open door here.
There is a radiant altar of Vehumet here.
Why would you want to do that?
There is a radiant altar of Vehumet here.
There is an open door here.
Okay, then.
Okay, then.
You open the door.
There is an open door here.
You pick up a book of Air and begin reading...
You add the spells Shock and Airstrike to your library.
There is an open door here.
There is an open door here.
There is an open door here.
There is an open door here.
Could not explore, unopened door.
You open the door.
There is an open door here.
There is an open door here.
An orc wizard is nearby!
An orc wizard is nearby!
An orc wizard is nearby!
The orc wizard shouts!
The orc wizard points at you and mumbles some strange words.
The magic dart hits you but does no damage.
The orc wizard hits you but does no damage.
You hit the orc wizard but do no damage.
The orc wizard barely misses you.
You sock the orc wizard! You burn the orc wizard.
You kill the orc wizard!
No target in view!
No target in view!
Things that are here:
a +0 dagger; a +0 robe; an orc corpse
There is an open door here.
Could not explore, unopened door.
Could not explore, unopened door.
Could not explore, unopened door.
You open the door.
There is an open door here.
Could not explore, unopened door.
Could not explore, unopened door.
You open the door.
Josephine and a wraith come into view.
Josephine shouts!
A centaur comes into view.
A wraith comes into view.
There is an open door here.
Unknown command.
There is an open door here.
You close the door.
An orc priest comes into view. It is wielding a +0 mace.
You close the door.
The orc priest shouts!
Josephine grins evilly.
Josephine grinds her teeth.
There is an open door here.
You closely miss Josephine. Josephine hits you but does no damage.
You sock Josephine! You burn Josephine!
Josephine points at you and mumbles some strange words.
You convulse!
You closely miss Josephine. Josephine barely misses you.
You sock Josephine! You burn Josephine.
Josephine points at you and mumbles some strange words.
You convulse!
* * * LOW HITPOINT WARNING * * *
You thump Josephine! You burn Josephine. You hit Josephine. You burn Josephine.
Josephine hits you with a +0 dagger!
* * * LOW HITPOINT WARNING * * *
You hit Josephine. You burn Josephine. Josephine hits you but does no damage.
You barely miss Josephine. Josephine closely misses you.
You completely miss Josephine. Josephine hits you but does no damage.
You hit Josephine. You burn Josephine.
A wraith comes into view.
Josephine points at you and mumbles some strange words.
You convulse!
You die...

##..###'#####'# ......
#.............. ......
#.............# .W....
#.........##'## ......
######....#.... ......
####....#....#.... ..@...####
#..#....#....'.... ......#..#
#..#....#....#.... ......+..#
#@.#....#....#....
......#+#########@#..).#....#....
...........o.@...oW....##'###....
...........W.....W...............
.................................
...........................######
.###'###########...........#...≈.
. ... #...........#._.≈. #... .#
## #...........#...≈.


You could see Josephine, 2 wraiths and an orc priest.

Vanquished Creatures
  Gastronok (D:8)
  Erolcha (D:9)
  2 two-headed ogres
  Psyche (D:8)
  2 hornets (D:8)
  A wyvern (D:9)
  4 yaks (D:10)
  Eustachio (D:4)
  3 steam dragons
  3 water moccasins
  2 ice beasts (D:6)
  2 orc warriors (D:8)
  A black bear (D:8)
  2 ogres
  2 sky beasts
  A necrophage (D:4)
  7 centaurs
  2 phantoms
  2 kobold brigands
  3 bullfrogs
  6 scorpions
  A wyvern skeleton (D:6)
  16 killer bees
  4 wights
  3 howler monkeys (D:8)
  2 hounds (D:4)
  6 centaur zombies
  2 bullfrog skeletons
  2 orc priests
  A gnoll shaman (D:6)
  Crazy Yiuf (D:4)
  Terence (D:2)
  Natasha (thrice) (D:2)
  3 iguanas
  5 orc wizards
  Ijyb (D:4)
  A mummy (D:5)
  2 howler monkey zombies
  Robin (D:2)
  19 gnolls
  7 adders
  A white imp (D:7)
  An ufetubus (D:5)
  A worm (D:2)
  4 dart slugs
  20 orcs
  5 bats
  10 endoplasms
  8 giant cockroaches
  37 goblins
  30 hobgoblins
  16 kobolds
  7 quokkas
  5 ball pythons
  8 frilled lizards
  5 rats
  A butterfly (D:7)
289 creatures vanquished.

Vanquished Creatures (collateral kills)
  A hobgoblin (D:5)
1 creature vanquished.

Vanquished Creatures (others)
  An angel (D:7)
  An orc (D:9)
  A plant (D:4)
  6 withered plants (D:4)
9 creatures vanquished.

Grand Total: 299 creatures vanquished

Notes
Turn   | Place    | Note
-------+----------+-------------------------------------------
     0 | D:1      | CryoSword the Ghoul Cinder Acolyte began the quest for the
                  | Orb.
     0 | D:1      | Reached XP level 1. HP: 19/19 MP: 1/1
   106 | D:1      | Reached XP level 2. HP: 21/26 MP: 2/2
   198 | D:1      | Reached skill level 1 in Stealth
   635 | D:1      | Reached XP level 3. HP: 17/31 MP: 3/3
   644 | D:1      | Reached skill level 1 in Armour
   645 | D:1      | Reached skill level 1 in Dodging
  1001 | D:2      | Noticed Terence
  1018 | D:2      | Killed Terence
  1019 | D:2      | Reached XP level 4. HP: 21/40 MP: 4/4
  1198 | D:2      | Found Yplanlad's Assorted Antiques.
  1320 | D:2      | Noticed Robin
  1337 | D:2      | Killed Robin
  1338 | D:2      | Reached skill level 4 in Fighting
  1453 | D:2      | Noticed Natasha
  1470 | D:2      | Killed Natasha
  1471 | D:2      | Reached XP level 5. HP: 29/46 MP: 5/5
  1701 | D:2      | Noticed Natasha
  1710 | D:2      | Killed Natasha
  2241 | D:2      | Noticed Natasha
  2249 | D:2      | Killed Natasha
  2557 | D:3      | Reached XP level 6. HP: 48/53 MP: 6/6
  2695 | D:3      | Noticed a sky beast
  3044 | D:3      | Found a faded altar of an unknown god.
  3251 | D:3      | Killed a sky beast
  3766 | D:4      | You fall into a shaft and drop 1 floor!
  3766 | D:5      | Entered Level 5 of the Dungeon
  3766 | D:5      | Found a snail-covered altar of Cheibriados.
  3884 | D:4      | Found an ancient bone altar of Kikubaaqudgha.
  3904 | D:4      | Noticed Ijyb
  3920 | D:4      | Killed Ijyb
  3921 | D:4      | Reached skill level 5 in Fighting
  4036 | D:4      | Reached XP level 7. HP: 59/61 MP: 7/7
  4135 | D:2      | Bought a dented ruby amulet for 110 gold pieces
  4135 | D:2      | Bought a scroll labelled IXYBRAT HALICE for 22 gold pieces
  4404 | D:4      | Found a blossoming altar of Fedhas.
  4602 | D:4      | Found a runed translucent door.
  4603 | D:4      | Noticed Crazy Yiuf
  4792 | D:4      | Noticed Eustachio
  4825 | D:4      | Killed Eustachio
  5403 | D:4      | Killed Crazy Yiuf
  5404 | D:4      | Reached XP level 8. HP: 60/70 MP: 8/8
  5492 | D:5      | Found a staircase to the Ecumenical Temple.
  6918 | D:6      | Identified the -7 helmet of Dawn {-Tele Int+4}
  7363 | D:6      | Reached skill level 5 in Staves
  7439 | D:6      | Found a shadowy altar of Dithmenos.
  7603 | D:5      | Reached XP level 9. HP: 67/75 MP: 9/9
  8010 | D:5      | Reached skill level 6 in Fighting
  8569 | D:7      | Noticed an angel
  8570 | D:7      | Found a shimmering altar of Xom.
  9087 | D:7      | Found a runed translucent door.
  9089 | D:7      | Found a runed translucent door.
  9135 | D:7      | Reached skill level 7 in Fighting
  9149 | D:7      | Reached skill level 5 in Armour
  9149 | D:7      | Reached skill level 5 in Dodging
  9694 | D:8      | Noticed Gastronok
  9724 | D:8      | Noticed a hornet
  9733 | D:8      | Killed a hornet
  9737 | D:8      | Reached XP level 10. HP: 88/88 MP: 10/10
 10328 | D:8      | Reached skill level 8 in Fighting
 10628 | D:8      | Killed Gastronok
 10854 | D:8      | Found a burning altar of Makhleb.
 11122 | D:7      | Killed an angel
 11228 | D:8      | Reached skill level 1 in Maces & Flails
 11771 | D:9      | Noticed Psyche
 11857 | D:8      | Reached skill level 9 in Fighting
 11991 | D:8      | Killed Psyche
 12576 | D:9      | Reached XP level 11. HP: 65/97 MP: 11/11
 12681 | D:9      | Noticed Erolcha
 12695 | D:9      | Killed Erolcha
 12762 | D:10     | Entered Level 10 of the Dungeon
 12962 | D:10     | Noticed a two-headed ogre
 12977 | D:10     | Noticed a two-headed ogre
 13361 | D:9      | Killed a two-headed ogre
 13647 | D:10     | Noticed a two-headed ogre
 13768 | D:10     | Killed a two-headed ogre
 13874 | D:10     | Found a radiant altar of Vehumet.
 13875 | D:10     | Found a sparkling altar of Nemelex Xobeh.
 13950 | D:10     | Noticed Josephine
 13977 | D:10     | Killed from afar by Josephine

Illustrated notes

Levels and vault maps discovered:
D:1:      psy_arrival_dodecagon, layout_basic
D:2:      layout_loops_corners, serial_shops, shop, minmay_split_cup_large,
          uniq_natasha, uniq_robin, uniq_terence
D:3:      layout_basic, nicolae_ecumenical_snake_handling
D:4:      layout_loops_ring, grunt_temple_overflow_growth_and_decay,
          nicolae_overflow_hidden_temple, minmay_circle_x,
          uniq_crazy_yiuf_cottage, uniq_eustachio, uniq_ijyb
D:5:      minmay_goblin_kobold_castle, layout_basic, slow_altar_1,
          minmay_temple_entry_statues_fountains, kennysheep_generic_room_5
D:6:      layout_rooms, grunt_dithmenos_shadows
D:7:      lemuel_insect_pit, layout_cave_pods,
          grunt_temple_overflow_order_and_chaos_1
D:8:      layout_rooms, bloody_makhleb, hangedman_minor_gate_pass,
          uniq_gastronok
D:9:      layout_rooms, uniq_erolcha, uniq_psyche
D:10:     layout_gridville, mainiacjoe_overflow_divided_tiny,
          nicolae_trove_entry_columns, hex_large, grunt_ministairs_4,
          nzn_random_ring, uniq_josephine, uniq_urug

Skill      XL: |  1  2  3  4  5  6  7  8  9 10 11 |
---------------+----------------------------------+-----
Stealth        | 1 2 3 4 |  4.9
Armour         | 1 2 3 5 7 |  7.4
Dodging        | 1 2 3 5 7 |  7.4
Fighting       | 4 5 7 9 |  9.7
Staves         | 6 8 |  8.2
Maces & Flails | 2 3 |  3.2
Unarmed Combat | |  3.2
Spellcasting   | |  1.0
Fire Magic     | |  2.4

Action                   |  1- 3 |  4- 6 |  7- 9 | 10-12 || total
-------------------------+-------+-------+-------+-------++-------
Melee: Unarmed           |   100 |   233 |   175 |       ||   508
       Punch             |     1 |     3 |    11 |     5 ||    20
       Quarterstaff      |       |       |   152 |    88 ||   240
       Whip              |       |       |   156 |   223 ||   379
Throw: Dart              |       |       |     8 |       ||     8
       Throwing net      |       |       |       |     3 ||     3
Invok: Fiery Armour      |     1 |     4 |     7 |       ||    12
       Rising Flame      |       |     1 |       |       ||     1
Evoke: Wand              |       |       |     2 |       ||     2
  Use: Scroll            |       |       |     5 |     4 ||     9
       Potion            |       |       |       |     5 ||     5
Armor: Leather armour    |    24 |       |       |       ||    24
       Scale mail        |       |   108 |   281 |       ||   389
       Plate armour      |       |       |    14 |   150 ||   164
       Chain mail        |       |       |       |   165 ||   165
Dodge: Dodged            |    49 |   110 |   290 |   205 ||   654
